Map: Efflorescence LE

Players

Massa

  • Race: Terran Terran
  • League: Platinum
  • Spawn Location: 3:00

qqq

  • Race: Zerg Zerg
  • Spawn Location: 12:00

Wiseguy - Winner!

  • Race: Zerg Zerg
  • League: Diamond
  • Spawn Location: 6:00

Divus - Winner!

  • Race: Zerg Zerg
  • League: Diamond
  • Spawn Location: 9:00

VOD

Have the link to the VOD?

Description

Time

  • Played on: Feb. 23, 2021, 3:16 p.m.
  • Length: 15:29
Show
View Real Time Build Order
Export as new Build Order

Massa Terran 

Build Orders:  

Get SALT Encoding   

  12  0:00  SCV  
  13  0:12  SCV  
  14  0:17  Supply Depot  
  14  0:24  SCV  
  15  0:39  SCV  
  15  0:40  Barracks  
  16  0:48  Refinery  
  16  0:51  SCV  
  17  1:01  Supply Depot  
  17  1:07  SCV  
  18  1:19  SCV  
  18  1:23  Barracks  
  19  1:28  Marine  
  20  1:35  SCV  
  21  1:44  Barracks  
  21  1:47  Barracks Tech Lab  
  21  1:56  SCV  
  22  2:06  Marine, Stimpack  
  23  2:10  Marine  
  24  2:21  Orbital Command  
  24  2:24  Marine  
  25  2:32  Marine  
  25  2:35  Marine  
  27  2:42  Marauder  
  29  2:49  Supply Depot  
  29  2:50  Marine  
  30  2:53  Supply Depot  
  30  2:54  Marine  
  31  3:11  Marauder  
  33  3:17  Marine x2  
  35  3:23  Supply Depot  
  35  3:32  Marauder  
  37  3:34  Marine  
  37  3:35  Marine  
  39  3:51  Combat Shield  
  39  3:54  Marauder  
  41  4:03  Command Center  
  41  4:09  Marine x2  
  35  4:15  Marauder  
  35  4:27  Marine x2  
  37  4:36  Marauder  
  39  4:44  Marine  
  39  4:45  Marine  
  37  4:51  SCV  
  34  4:58  Marauder, Factory  
  36  5:03  Refinery  
  36  5:04  Barracks Reactor  
  36  5:10  SCV, Engineering Bay  
  37  5:16  Concussive Shells  
  37  5:19  Marine x2  
  39  5:37  Marauder, Marine  
  39  5:42  Missile Turret  
  42  5:43  Factory Tech Lab  
  42  5:46  Starport  
  42  5:54  Marine  
  43  5:59  Marine x2  
  43  6:00  Marauder  
  43  6:03  Orbital Command  
  47  6:06  Supply Depot  
  47  6:17  Marine  
  48  6:24  Missile Turret  
  48  6:25  SCV  
  49  6:37  SCV  
  50  6:41  Siege Tank  
  53  6:53  Missile Turret  
  53  6:59  Starport Reactor  
  53  7:02  Terran Infantry Weapons Level 1  
  53  7:06  Armory  
  53  7:11  SCV  
  53  7:12  SCV  
  53  7:13  Refinery  
  55  7:16  Barracks Tech Lab  
  55  7:19  Refinery  
  55  7:20  Marine  
  55  7:21  Marauder  
  58  7:23  SCV  
  58  7:24  SCV  
  59  7:39  Marauder, Marine x2  
  59  7:40  Medivac  
  59  7:42  Marauder  
  67  7:56  SCV x2  
  67  7:57  Marine x2  
  71  8:00  Marauder  
  71  8:03  Marauder  
  75  8:14  Siege Tank  
  78  8:22  Supply Depot  
  78  8:24  Supply Depot  
  78  8:38  SCV  
  78  8:39  Marauder  
  78  8:40  SCV, Marine x2, Medivac  
  78  8:41  Marine  
  77  8:46  Supply Depot  
  49  8:58  Marine x2  
  49  8:59  Marauder  
  49  9:01  Marauder  
  55  9:03  SCV  
  55  9:05  Barracks  
  55  9:06  Barracks  
  56  9:15  Siege Tank  
  56  9:16  Marine x2  
  61  9:20  Marauder  
  61  9:22  Marauder  
  65  9:30  SCV x2  
  67  9:34  Marine x2  
  69  9:39  Medivac  
  69  9:42  SCV x2, Marauder  
  69  9:43  Marauder  
  77  9:47  Factory  
  77  9:51  Marine  
  77  9:52  Terran Infantry Armor Level 1  
  78  9:54  SCV, Terran Vehicle Weapons Level 1  
  78  9:57  Widow Mine  
  81  10:02  SCV  
  81  10:07  SCV  
  83  10:14  SCV  
  84  10:25  Marine x2, Command Center  
  86  10:41  Marauder x2, Marine x2  
  87  10:43  Marine x2  
  88  10:50  Siege Tank  
  88  10:51  Factory Reactor  
  91  10:58  Marine x2  
  91  11:01  Marine  
  91  11:02  Marauder x2  
  98  11:14  Medivac x2  
  102  11:27  Supply Depot x2  
  102  11:28  Supply Depot  
  102  11:29  Drilling Claws  
  102  11:36  SCV x2, Siege Tank  
  102  11:37  Widow Mine, Marauder  
  111  11:48  SCV x2  
  113  12:00  SCV x2  
  110  12:05  Marauder x2, Marine x2  
  110  12:06  Marine  
  68  12:11  Widow Mine, Siege Tank  
  73  12:16  Planetary Fortress  
  73  12:24  Missile Turret  
  73  12:27  Marauder x2  
  77  12:30  Marine x2  
  77  12:31  Marine  
  80  12:44  Barracks Reactor  
  80  12:48  Marauder x2, Marine x2  
  80  12:49  Marine  
  87  13:06  Marine  
  87  13:09  Marauder  
  87  13:10  Marauder  
  92  13:21  Medivac  
  92  13:22  Medivac  
  92  13:23  Widow Mine x2  
  92  13:26  Barracks Tech Lab, Marine x4  
  104  13:31  Marauder x2  
  108  13:43  Marine  
  108  13:44  Marauder, Marine x3, Siege Tank  
  108  13:45  Widow Mine x2  
  121  13:52  Marauder, Marine  
  124  14:01  Marine  
  124  14:02  Marine x3  
  128  14:05  Marauder  
  128  14:06  Widow Mine x2  
  134  14:10  Marauder  
  134  14:13  Medivac  
  134  14:14  Marauder  
  140  14:19  Marine  
  140  14:21  Supply Depot  
  141  14:33  Marauder  
  141  14:38  Medivac  
  140  14:39  Marauder  
  140  14:42  Siege Tank  
  140  14:43  Medivac  
  140  14:44  Supply Depot  
  129  14:50  Marine  
  129  14:51  Marauder  
  92  14:55  Marauder, Marine  
  92  14:56  Marine x2  
  97  15:00  Marauder  
  99  15:08  Marine, Supply Depot  
Show
View Real Time Build Order
Export as new Build Order

qqq Zerg 

Build Orders: Hatch First 

Get SALT Encoding   

  12  0:01  Drone  
  13  0:13  Drone  
  14  0:19  Overlord  
  14  0:48  Drone  
  14  0:49  Hatchery  
  14  0:53  Drone  
  15  1:14  Extractor, Spawning Pool  
  13  1:19  Drone  
  13  1:22  Drone  
  15  1:27  Drone  
  16  1:37  Drone  
  17  1:41  Drone  
  18  1:57  Drone  
  19  2:03  Queen  
  19  2:05  Zergling x2  
  19  2:07  Zergling x2  
  23  2:15  Queen  
  25  2:17  Zergling x2  
  26  2:23  Metabolic Boost  
  26  2:31  Overlord  
  26  2:35  Drone  
  26  2:47  Drone x2  
  26  2:50  Overlord  
  28  2:56  Zergling x2  
  28  2:57  Zergling x2  
  30  3:07  Lair  
  30  3:09  Zergling x2  
  31  3:13  Zergling x2  
  31  3:15  Zergling x2  
  31  3:19  Zergling x2  
  34  3:21  Zergling x2  
  34  3:25  Zergling x2  
  36  3:27  Zergling x2  
  36  3:30  Zergling x2  
  38  3:38  Zergling x4  
  38  3:39  Zergling x2  
  41  3:43  Zergling x2  
  42  3:50  Drone, Zergling x2  
  44  3:57  Overlord  
  43  4:10  Overlord x2  
  43  4:11  Zergling x2  
  37  4:30  Zergling x8  
  39  4:31  Drone x2  
  35  4:40  Spire  
  35  4:45  Drone x2  
  35  4:46  Drone  
  35  4:52  Overlord  
  35  4:54  Zergling x2  
  35  4:57  Drone  
  37  5:09  Drone x3  
  37  5:10  Drone x2  
  37  5:13  Drone  
  43  5:15  Drone  
  43  5:17  Extractor, Drone  
  43  5:20  Zergling x2  
  45  5:26  Zergling x2  
  45  5:36  Zergling x8  
  45  5:37  Drone, Zergling x2  
  45  5:38  Zergling x2  
  45  5:39  Zergling x2  
  53  5:43  Zergling x2  
  54  6:03  Overlord  
  53  6:05  Mutalisk  
  53  6:06  Mutalisk x2  
  53  6:07  Drone x2  
  53  6:08  Drone  
  53  6:10  Extractor  
  61  6:12  Extractor  
  60  6:20  Overlord  
  60  6:21  Drone  
  60  6:34  Spine Crawler  
  60  6:38  Drone x4  
  63  6:40  Mutalisk x2  
  63  6:42  Hatchery  
  66  6:51  Mutalisk  
  66  6:53  Drone x2  
  70  7:02  Zerg Flyer Weapons Level 1  
  70  7:04  Overlord x2  
  70  7:06  Drone x2  
  72  7:28  Mutalisk x3  
  65  7:47  Mutalisk  
  65  7:48  Drone x3  
  70  7:59  Mutalisk  
  70  8:00  Mutalisk  
  74  8:22  Hatchery  
  73  8:28  Mutalisk x3  
  73  8:29  Zergling x4  
  73  8:31  Hatchery  
  80  8:40  Mutalisk x2  
  78  8:57  Mutalisk x2  
  76  9:08  Corruptor  
  74  9:31  Zerg Flyer Armor Level 1, Infestation Pit  
  71  9:39  Overlord x5  
  71  9:40  Extractor  
  71  9:43  Drone  
  71  9:44  Extractor  
  70  9:48  Hatchery  
  70  9:50  Spine Crawler, Spore Crawler  
  70  9:51  Drone x2, Spine Crawler  
  70  9:52  Queen  
  70  9:55  Hatchery  
  70  9:57  Corruptor  
  70  9:59  Corruptor  
  73  10:10  Hive  
  73  10:12  Drone  
  73  10:13  Drone  
  75  10:18  Corruptor  
  77  10:21  Drone  
  77  10:23  Drone  
  74  10:39  Corruptor x2  
  74  10:40  Mutalisk  
  74  10:41  Drone  
  64  10:57  Drone x3  
  61  11:01  Drone x2  
  61  11:02  Drone x2  
  65  11:04  Mutalisk  
  65  11:05  Mutalisk  
  67  11:12  Drone  
  68  11:23  Drone x2  
  70  11:26  Hatchery, Drone x2  
  70  11:29  Viper  
  74  11:34  Greater Spire  
  74  11:35  Drone  
  74  11:37  Drone  
  74  11:39  Drone  
  78  11:40  Drone  
  78  11:44  Corruptor  
  80  11:49  Zergling x6  
  83  11:58  Spine Crawler  
  83  11:59  Spine Crawler, Spore Crawler  
  80  12:03  Spine Crawler  
  80  12:06  Corruptor  
  81  12:09  Drone x3  
  84  12:19  Drone x6  
  80  12:51  Spine Crawler  
  80  12:52  Spine Crawler  
  80  12:53  Spine Crawler  
  80  12:54  Corruptor  
  80  12:55  Corruptor  
  80  12:56  Viper  
  80  12:59  Brood Lord x2  
  80  13:01  Drone x2  
  80  13:02  Drone  
  80  13:04  Corruptor  
  83  13:26  Corruptor x2  
  85  13:29  Zergling x10  
  92  13:36  Hatchery  
  91  13:50  Brood Lord  
  91  13:53  Hatchery  
  90  14:13  Viper  
  90  14:14  Corruptor x2  
  90  14:16  Drone  
  98  14:43  Hatchery  
Show
View Real Time Build Order
Export as new Build Order

Wiseguy Zerg - Winner!

Build Orders: Hatch First, Zergling Baneling 

Get SALT Encoding   

  12  0:00  Drone  
  13  0:09  Drone  
  14  0:18  Overlord  
  14  0:37  Drone x3  
  17  0:46  Extractor  
  16  0:53  Drone  
  17  1:05  Hatchery  
  16  1:14  Drone x2  
  18  1:21  Spawning Pool  
  18  1:23  Drone  
  18  1:35  Drone  
  19  1:45  Extractor, Drone  
  19  1:54  Overlord  
  19  2:09  Queen  
  19  2:10  Zergling x2  
  19  2:12  Metabolic Boost  
  22  2:16  Queen  
  22  2:20  Drone  
  25  2:54  Evolution Chamber  
  25  2:57  Drone x3, Baneling Nest  
  25  2:58  Drone x3  
  29  3:17  Lair  
  29  3:20  Zerg Ground Armor Level 1  
  29  3:30  Drone x3  
  32  3:40  Zergling x6  
  35  3:42  Baneling x2  
  35  3:52  Zergling x2  
  35  3:53  Overlord  
  36  3:58  Baneling x5  
  36  4:00  Baneling  
  35  4:11  Zergling x2  
  35  4:12  Zergling x8  
  37  4:21  Zergling x2  
  37  4:26  Zergling x6  
  38  4:32  Baneling x4  
  38  4:35  Zergling x4  
  36  4:44  Zergling x2  
  36  4:45  Zergling x2  
  37  4:54  Drone, Queen  
  40  5:01  Baneling  
  40  5:02  Baneling x2  
  40  5:08  Drone  
  40  5:09  Drone x2  
  40  5:12  Overlord  
  43  5:19  Overlord  
  42  5:37  Centrifical Hooks  
  42  5:40  Drone x3  
  42  5:41  Drone x2  
  43  5:59  Drone x4  
  43  6:00  Drone x3  
  47  6:06  Extractor  
  47  6:08  Extractor  
  45  6:13  Zerg Melee Weapons Level 1  
  45  6:16  Evolution Chamber  
  44  6:25  Zergling x12  
  50  6:36  Overlord x2  
  50  6:37  Overlord x2  
  50  6:42  Zergling x2  
  50  6:43  Zergling x4  
  50  6:46  Zergling x2  
  54  6:53  Baneling x2  
  54  6:54  Baneling x4  
  54  7:02  Zergling x6  
  45  7:49  Hydralisk Den  
  45  7:50  Zerg Missile Weapons Level 1  
  43  7:57  Zergling x8  
  43  7:58  Zergling x18  
  53  8:11  Spore Crawler  
  53  8:12  Spore Crawler  
  51  8:19  Baneling x6  
  51  8:21  Overlord x5  
  51  8:33  Baneling  
  51  8:34  Baneling  
  42  8:55  Hydralisk  
  42  8:56  Hydralisk x9  
  42  8:57  Muscular Augments  
  61  9:11  Drone x2  
  63  9:20  Zerg Ground Armor Level 2  
  63  9:40  Drone x4, Overlord x2  
  63  9:45  Zerg Missile Weapons Level 2  
  67  10:01  Overseer  
  67  10:03  Pneumatized Carapace  
  67  10:09  Grooved Spines  
  67  10:10  Zergling x10  
  67  10:11  Zergling x4  
  58  10:50  Hydralisk x8  
  58  10:51  Hydralisk x3  
  80  11:11  Zergling x12  
  72  11:21  Queen x2  
  76  11:28  Zergling x10  
  76  11:29  Zergling x6  
  76  11:31  Baneling x3  
  84  11:36  Baneling x4  
  84  11:37  Baneling  
  84  11:41  Hatchery  
  72  12:10  Zergling x2  
  72  12:11  Zergling x18  
  82  12:30  Hydralisk x4  
  82  12:32  Baneling  
  82  12:33  Baneling x9  
  89  12:56  Hydralisk x4  
  94  13:23  Drone x4  
  98  13:33  Overlord x4  
  94  14:05  Overseer  
  94  14:08  Drone  
  94  14:09  Drone x14  
  96  14:47  Hydralisk x9  
  104  14:55  Hydralisk  
Show
View Real Time Build Order
Export as new Build Order

Divus Zerg - Winner!

Build Orders: Pool First 

Get SALT Encoding   

  12  0:01  Drone  
  13  0:12  Overlord  
  13  0:25  Drone  
  14  0:32  Drone  
  14  0:34  Drone  
  16  0:45  Spawning Pool  
  16  0:46  Extractor  
  16  0:47  Drone  
  15  0:56  Drone  
  16  1:22  Hatchery  
  15  1:34  Queen, Zergling x2  
  15  1:37  Drone  
  19  1:42  Drone  
  20  1:49  Zergling x2  
  21  1:56  Drone  
  22  2:08  Metabolic Boost  
  22  2:20  Overlord  
  22  2:33  Queen  
  24  2:38  Drone x3  
  24  2:39  Drone  
  24  2:43  Drone x3  
  31  2:45  Drone  
  32  2:56  Roach Warren  
  32  2:58  Drone  
  32  3:05  Lair  
  32  3:13  Extractor  
  32  3:14  Drone  
  32  3:15  Drone  
  32  3:18  Drone  
  32  3:19  Drone x2  
  36  3:25  Overlord  
  36  3:28  Overlord  
  36  3:40  Overlord x2  
  36  3:44  Spine Crawler  
  36  3:46  Roach  
  36  3:48  Roach  
  39  3:51  Roach  
  39  3:55  Roach  
  43  3:57  Roach  
  43  4:00  Roach  
  44  4:10  Roach  
  39  4:17  Roach  
  39  4:19  Zergling x2  
  37  4:30  Zergling x4  
  37  4:31  Zergling x10  
  40  4:38  Zergling x2  
  40  4:39  Zergling x4  
  43  4:48  Roach x2  
  47  4:54  Queen  
  49  5:03  Drone  
  49  5:04  Drone x2  
  52  5:08  Ravager  
  52  5:11  Drone  
  52  5:13  Drone  
  55  5:15  Drone  
  56  5:28  Ravager  
  56  5:29  Ravager  
  56  5:32  Drone x5  
  63  6:06  Extractor, Drone  
  63  6:07  Drone x5, Extractor  
  67  6:22  Overlord x2  
  67  6:36  Glial Reconstitution  
  67  6:39  Drone  
  68  6:41  Drone x2  
  68  6:42  Drone x2  
  68  6:43  Drone  
  73  6:53  Drone x2, Spire  
  73  6:54  Roach  
  76  7:01  Overlord x2  
  68  7:49  Queen  
  68  7:50  Queen  
  70  7:58  Spore Crawler x2  
  62  8:02  Overlord x3  
  62  8:05  Zerg Flyer Weapons Level 1, Corruptor x3  
  61  8:06  Corruptor x5  
  61  8:09  Overlord x4  
  77  8:22  Overlord  
  77  8:24  Mutalisk x2  
  72  8:41  Mutalisk  
  72  8:44  Zergling x12  
  72  8:45  Queen  
  64  8:59  Drone x4  
  64  9:00  Drone  
  67  9:18  Mutalisk  
  67  9:19  Mutalisk x3  
  75  9:24  Drone x3  
  75  9:26  Drone  
  79  9:36  Mutalisk  
  81  9:39  Mutalisk  
  81  9:44  Zergling x10  
  88  9:50  Spore Crawler  
  87  9:53  Spore Crawler  
  86  10:04  Mutalisk x2  
  90  10:07  Mutalisk  
  90  10:14  Extractor  
  91  10:16  Hatchery  
  91  10:20  Extractor  
  64  10:44  Corruptor  
  64  10:45  Overlord, Corruptor x3  
  64  10:46  Zergling x2  
  71  10:55  Mutalisk  
  73  10:58  Zergling x12  
  73  10:59  Zergling x2  
  80  11:08  Zerg Flyer Armor Level 1  
  80  11:28  Drone  
  80  11:29  Drone x6  
  80  11:30  Queen  
  89  11:43  Mutalisk  
  89  11:44  Mutalisk x3  
  80  12:22  Mutalisk  
  80  12:23  Mutalisk x3  
  80  12:25  Zergling x10  
  80  12:26  Zergling x10  
  95  12:46  Mutalisk x2  
  95  12:48  Zergling x4  
  95  12:49  Zergling x4  
  103  12:55  Zergling x2  
  104  13:15  Mutalisk  
  104  13:16  Mutalisk x3  
  104  13:18  Zergling x6  
  115  13:32  Corruptor  
  115  13:33  Corruptor  
  119  13:44  Zergling x10  
  109  14:24  Hydralisk Den, Corruptor x7  
  108  14:26  Zergling x2  
  108  14:27  Zergling x8  
  105  14:56  Mutalisk  
  105  14:57  Mutalisk x4  
  105  14:59  Hydralisk  
  105  15:00  Hydralisk  
Tags
 
Add a new tag
Caveats
  • Supply blocks, unpowered buildings, or Contaminate may cause inaccurate times.
  • Supply counts are checked every 10 seconds.